 Dungeon Crawl Stone Soup version 0.27-a0-1557-g57f10a385c (webtiles) character file.

Game seed: 13783618200739836425

252 ktje the Caller (level 5, -4/38 HPs)
             Began as a Demigod Summoner on July 15, 2021.
             Shot with an arrow by a centaur (7 damage)
             ... on level 5 of the Dungeon.
             The game lasted 00:25:55 (4172 turns).

ktje the Caller (Demigod Summoner)                  Turns: 4172, Time: 00:25:56

Health: -4/38      AC:  6    Str:  9    XL:     5   Next: 57%
Magic:  4/13       EV: 12    Int: 21    God:
Gold:   288        SH:  0    Dex: 14    Spells: 3/11 levels left

rFire    . . .     SeeInvis .   h - +0 spear
rCold    . . .     Faith    .   (no shield)
rNeg     . . .     Spirit   .   a - +0 robe
rPois    .         Reflect  .   (no helmet)
rElec    .         Harm     .   (no cloak)
rCorr    .         Rampage  .   (no gloves)
Will     .....                  (no boots)
Stlth    ++........             i - amulet of magic regeneration
HPRegen  0.12/turn              m - +4 ring of protection
MPRegen  0.38/turn              (no ring)

@: no status effects
A: high mp 1, forlorn
a: no special abilities


You were on level 5 of the Dungeon.
You visited 1 branch of the dungeon, and saw 5 of its levels.

You collected 288 gold pieces.

Inventory:

Hand Weapons
 b - a +0 whip
 c - a +0 dagger
 h - a +0 spear (weapon)
Missiles
 d - 80 arrows
 e - 59 stones
 k - 26 poisoned darts
Armour
 a - a +0 robe (worn)
Jewellery
 f - an amulet of the acrobat
 i - an amulet of magic regeneration (around neck)
 m - a +4 ring of protection (left hand)
Wands
 q - a wand of paralysis (4)
Potions
 g - 2 potions of heal wounds
 j - a potion of curing
 r - a potion of invisibility
 s - a potion of might


   Skills:
 + Level 1.8 Dodging
 + Level 1.9 Stealth
 * Level 3.8 Spellcasting
 * Level 0.1 Hexes
 * Level 5.2 Summonings


You had 3 spell levels left.
You knew the following spells:

 Your Spells              Type           Power      Damage    Failure   Level
b - Call Imp              Summ           26%        N/A       2%          2
c - Call Canine Familiar  Summ           26%        N/A       4%          3
d - Summon Guardian Gole  Hex/Summ       15%        N/A       12%         3

Your spell library contained the following spells:

 Spells                   Type           Power      Damage    Failure   Level
 Summon Small Mammal      Summ           100%       N/A       1%          1
 Dazzling Flash           Conj/Hex       8%         N/A       34%         3
 Stone Arrow              Conj/Erth      8%         3d7       36%         3
 Animate Armour           Summ/Erth      30%        N/A       38%         4
 Summon Lightning Spire   Summ/Air       15%        N/A       38%         4
 Summon Forest            Summ/Tloc      7%         N/A       75%         5
 Iskenderun's Mystic Bla  Conj/Tloc      4%         2d3       77%         4
 Freezing Cloud           Conj/Ice/Air   2%         6-21      98%         5
 Eringya's Noxious Bog    Tmut/Pois      2%         N/A       100%        6
 Simulacrum               Ice/Necr       2%         N/A       100%        6
 Starburst                Conj/Fire      2%         8x6d3     100%        6
 Summon Hydra             Summ           13%        N/A       100%        7
 Lehudib's Crystal Spear  Conj/Erth      2%         10d2      100%        8
 Polar Vortex             Ice            2%         N/A       100%        9


Dungeon Overview and Level Annotations

Branches:
Dungeon (5/15)             Temple (0/1) D:5


Innate Abilities, Weirdness & Mutations

Your attributes grow dramatically as you level up.
You have an increased reservoir of magic. (+10% MP)
You shall have no god before yourself.


Message History

The gnoll shouts!
The centaur wields a +0 shortbow.
The centaur shoots an arrow.
The arrow closely misses you.
The centaur shoots an arrow.
The arrow misses you.
As you read the scroll of teleportation, it crumbles to dust.
You feel strangely unstable.
Your surroundings suddenly seem different.
You start resting.
Magic restored.
You start resting.
A centaur is nearby!
Casting: Call Canine Familiar (dangerous; 4% risk of failure)
Confirm with . or Enter, or press ? or * to list all spells.
The centaur shouts!
The centaur shoots an arrow.
The arrow hits you.
The centaur shoots an arrow.
The arrow hits you.
* * * LOW HITPOINT WARNING * * *
Casting: Call Canine Familiar (dangerous; 4% risk of failure)
Confirm with . or Enter, or press ? or * to list all spells.
A beastly little devil appears in a puff of frigid air.
The centaur shoots an arrow.
The arrow hits you!
* * * LOW HITPOINT WARNING * * *
Blink to where?
Press: ? - help, Dir - move target
Found 17 stones.
As you read the scroll of blinking, it crumbles to dust.
Casting: Call Imp (safe; 2% risk of failure)
Confirm with . or Enter, or press ? or * to list all spells.
Your hound disappears in a puff of smoke!
Casting: Call Canine Familiar (dangerous; 4% risk of failure)
Confirm with . or Enter, or press ? or * to list all spells.
Your hound disappears in a puff of smoke!
Casting: Call Canine Familiar (dangerous; 4% risk of failure)
Confirm with . or Enter, or press ? or * to list all spells.
Your hound disappears in a puff of smoke!
Found 2 green potions.
Found 8 gold pieces.
The centaur shoots an arrow.
The arrow closely misses your hound. The arrow hits you!
You die...

#( ........
##.###......#
#...........#
##.#.........#
##............##
###...c..5.......##
#.....#..h.........
#...#.####......#..
#.. #.# ##@..!....
#. #.# #........ #
#.# #....#... #.#
###...... #c#
...#$. ###.######
...# . #.ยง.......
... ###.#...####
.... #........#


You could see a centaur, a friendly hound (summoned) and a friendly white imp
(summoned).

Vanquished Creatures
  A phantom (D:4)
  A giant cockroach (D:1)
  2 bats
  2 rats (D:3)
6 creatures vanquished.

Vanquished Creatures (collateral kills)
  A scorpion (D:4)
  A water moccasin skeleton (D:5)
  2 hounds (D:4)
  2 iguanas
  2 hound skeletons (D:4)
  2 gnolls
  2 adders
  3 worms
  An adder skeleton (D:4)
  4 dart slugs
  8 ball pythons
  3 bats
  5 endoplasms
  3 giant cockroaches
  3 goblins
  7 hobgoblins
  7 jackals
  9 kobolds
  A quokka (D:1)
  2 frilled lizards
  3 rats
71 creatures vanquished.

Vanquished Creatures (others)
  5 toadstools (D:1)
5 creatures vanquished.

Grand Total: 82 creatures vanquished

Notes
Turn   | Place    | Note
-------+----------+-------------------------------------------
     0 | D:1      | ktje the Demigod Summoner began the quest for the Orb.
     0 | D:1      | Reached XP level 1. HP: 14/14 MP: 5/5
   665 | D:1      | Reached XP level 2. HP: 13/20 MP: 0/7
   669 | D:1      | Learned a level 2 spell: Call Imp
  1119 | D:1      | Identified a scroll of acquirement
  1119 | D:1      | Acquired a book of Armaments
  1452 | D:2      | Reached skill level 4 in Summonings
  1852 | D:2      | Reached XP level 3. HP: 20/26 MP: 1/9
  1857 | D:2      | Learned a level 3 spell: Call Canine Familiar
  2975 | D:4      | Reached XP level 4. HP: 33/33 MP: 7/11
  3518 | D:4      | Noticed a phantom
  3534 | D:4      | Killed a phantom
  3535 | D:4      | Reached XP level 5. HP: 36/38 MP: 1/13
  3545 | D:4      | Learned a level 3 spell: Summon Guardian Golem
  3888 | D:4      | Reached skill level 5 in Summonings
  4041 | D:5      | Entered Level 5 of the Dungeon
  4091 | D:5      | Found a staircase to the Ecumenical Temple.
  4095 | D:5      | Noticed a centaur
  4172 | D:5      | Shot with an arrow by a centaur

Illustrated notes

Levels and vault maps discovered:
D:1:      lemuel_arrival_cross, layout_basic, minmay_gold_behind_fungi,
          minmay_hexomino_u4
D:2:      layout_rooms, basic_altar
D:3:      layout_rooms, hellmonk_ecumenical_altar_leap_of_faith,
          minmay_misc_feat_tiny
D:4:      layout_basic, cheibrodos_gnoll_hut
D:5:      layout_rooms, minmay_temple_entry_trees, uniq_duvessa, uniq_sigmund,
          uniq_eustachio

Skill      XL: |  1  2  3  4  5 |
---------------+----------------+-----
Spellcasting   | 2 3 |  3.8
Summonings     | 4 5 |  5.2
Dodging        | |  1.8
Stealth        | |  1.9
Hexes          | |  0.1

Action                   |  1- 3 |  4- 6 || total
-------------------------+-------+-------++-------
Melee: Whip              |    17 |       ||    17
       Spear             |    14 |     7 ||    21
 Cast: Summon Small Mamm |    35 |       ||    35
       Call Imp          |    73 |    35 ||   108
       Call Canine Famil |       |    18 ||    18
  Use: Scroll            |     6 |     5 ||    11
 Stab: Sleeping          |     3 |       ||     3
Armor: Robe              |     8 |     1 ||     9
Dodge: Dodged            |    27 |     9 ||    36

Table legend: (Time is in decaauts)
 A = Elapsed time spent in this place.
 B = Non-inter-level travel time spent in this place.
 C = Inter-level travel time spent in this place.
 D = Time resting spent in this place.
 E = Time spent auto-exploring this place.
 F = Levels seen in this place.
 G = Mean time per level.
                   A        B        C        D        E       F      G
               +--------+--------+--------+--------+--------+-----+--------+
         Total |   4173 |   4026 |    147 |    106 |   3143 |   5 |  834.6 |
       Dungeon |   4173 |   4026 |    147 |    106 |   3143 |   5 |  834.6 |
               +--------+--------+--------+--------+--------+-----+--------+

Top non-repeatable levels by time:
     D:2: 1216 daAuts
     D:1: 1122 daAuts
     D:4: 1079 daAuts
     D:3: 623 daAuts
     D:5: 130 daAuts
